 Dungeon Crawl Stone Soup version 0.30-a0-1157-g2cc9ac7196 (webtiles) character file.

Game seed: 6077752095898627876

213 ryw the Cudgeller (level 5, 0/41 HPs)
             Began as a Mummy Fighter on Apr 24, 2023.
             Was a Follower of Okawaru.
             Slain by an orc wizard
             ... wielding a +0 dagger
              (2 damage)
             ... on level 3 of the Dungeon.
             The game lasted 00:04:12 (1939 turns).

ryw the Cudgeller (Mummy Fighter)                   Turns: 1939, Time: 00:04:13

Health: 0/41       AC:  9    Str: 22    XL:     5   Next: 59%
Magic:  3/5        EV: 11    Int:  7    God:    Okawaru [*.....]
Gold:   124        SH:  5    Dex: 11    Spells: 4/4 levels left

rFire   x . .        a - +0 flail (flame)
rCold   + . .        c - +0 buckler
rNeg    + + +        b - +0 scale mail
rPois   ∞            (no helmet)
rElec   .            (no cloak)
rCorr   .            f - +0 pair of gloves
SInv    .            (no boots)
Will    .....        (no amulet)
Stlth   +            (no ring)
HPRegen 0.26/turn    (no ring)
MPRegen 0.09/turn

%: faith
@: heroic
A: cold resistance 1, negative energy resistance 3, torment resistance 2, heat
vulnerability 1, in touch with death 1, no potions, faith
a: Renounce Religion, Heroism


You were on level 3 of the Dungeon.
You worshipped Okawaru.
Okawaru was aware of your devotion.
You visited 1 branch of the dungeon, and saw 3 of its levels.

You collected 124 gold pieces.

Inventory:

Hand Weapons
 a - a +0 flail of flaming (weapon)
Missiles
 j - 5 poisoned darts (quivered)
Armour
 b - a +0 scale mail (worn)
 c - a +0 buckler (worn)
 f - a +0 pair of gloves (worn)
Wands
 e - a wand of iceblast (6)
Scrolls
 d - a scroll of torment
 g - a scroll of blinking
 h - a scroll of poison
 i - a scroll of identify


   Skills:
 - Level 3.0(8.0) Fighting
 + Level 4.6(9.6) Maces & Flails
 + Level 2.8(7.8) Armour
 - Level 2.4(7.4) Shields


You had 4 spell levels left.
You didn't know any spells.
Your spell library was empty.

Dungeon Overview and Level Annotations

Branches:
Dungeon (3/15)

Altars:
Okawaru

Shops:
D:1 *   D:2 *

Annotations:
D:2 1 runed translucent door, Crazy Yiuf


Innate Abilities, Weirdness & Mutations

You are immune to poison.
Your flesh is cold resistant. (rC+)
You are immune to negative energy. (rN+++)
You are immune to unholy pain and torment.
You are vulnerable to heat. (rF-)
You are in touch with the powers of death.
You do not drink.
You have a special connection with the divine. (Faith)


Message History

You miss something. Something hits you but does no damage.
You're too confused to move!
Something hits you.
You bump into the rock wall.
Something hits you but does no damage. Something hits you but does no damage.
You bump into the rock wall.
Something hits you but does no damage.
You're too confused to move!
Something hits you but does no damage.
You barely miss something.
You feel less confused.
You hear some strange, mumbled words.
Something tries to affect you, but you resist.
You closely miss something. Something hits you but does no damage.
You thump something! You burn something. Something completely misses you.
You closely miss something.
You feel like a meek peon again.
An orc wizard appears from thin air!
Reactivating autopickup.
The orc wizard gestures wildly while chanting.
The orc wizard flickers and vanishes!
Deactivating autopickup; reactivate with Ctrl-A.
You miss something. You block something's attack.
You hit something but do no damage. Something hits you but does no damage.
You barely miss something.
Something hits you but does no damage. x2
You barely miss something. Something hits you but does no damage.
You closely miss something. Something hits you.
You miss something. You block something's attack.
You closely miss something. Something hits you but does no damage.
You miss something. Something hits you but does no damage.
You miss something.
You hear some strange, mumbled words.
A magic dart appears from out of thin air!
The magic dart hits you!
You hear some strange, mumbled words.
A puff of flame appears from out of thin air!
The puff of flame hits you! The fire burns you terribly!
* * * LOW HITPOINT WARNING * * *
You can't drink.
Unknown command.
You gain the combat prowess of a mighty hero.
Something hits you.
You die...

...# ...# ...# #...# ...##
### #...# ....## #<# #...#
##...####.###### #...#
.......)..##...###...#
###..######.....##...#
......## #......@#...#
#####... #......){...+ ####
##..#...!...#)..# ...#
#.##.....##...##
...#####.###...##.....##
[..(.......#####..###..######
...###...........##
##.)....#.#
.[..#....#!####†## ###......#
###.#.........#.# #.)#..##...


There were no monsters in sight!

Vanquished Creatures
  A gnoll bouda (D:1)
  Jessica (D:3)
  Natasha (D:3)
  3 adders (D:2)
  4 gnolls (D:1)
  A worm (D:2)
  A dart slug (D:1)
  4 orcs (D:3)
  5 endoplasms
  A giant cockroach (D:1)
  10 goblins
  4 hobgoblins
  4 jackals
  A quokka (D:2)
  7 ball pythons
  4 bats
  8 kobolds
  A rat (D:2)
61 creatures vanquished.

Vanquished Creatures (others)
  A plant (D:1)
1 creature vanquished.

Grand Total: 62 creatures vanquished

Notes
Turn   | Place    | Note
-------+----------+-------------------------------------------
     0 | D:1      | ryw the Mummy Fighter began the quest for the Orb.
     0 | D:1      | Reached XP level 1. HP: 18/18 MP: 1/1
    63 | D:1      | Found a faded altar of an unknown god.
    81 | D:1      | Reached skill level 2 in Maces & Flails
    86 | D:1      | Prayed at the altar of an unknown god.
    86 | D:1      | Became a worshipper of Warmaster Okawaru
    86 | D:1      | Reached * piety under Okawaru
   164 | D:1      | Reached XP level 2. HP: 23/24 MP: 2/2
   531 | D:1      | Gained mutation: You are in touch with the powers of death.
                  | [Mummy growth]
   531 | D:1      | Reached XP level 3. HP: 29/29 MP: 3/3
   668 | D:2      | Reached skill level 3 in Maces & Flails
   741 | D:2      | Found Uxon's General Store.
  1082 | D:1      | Reached XP level 4. HP: 35/35 MP: 4/4
  1292 | D:1      | Reached ** piety under Okawaru
  1293 | D:1      | Reached skill level 4 in Maces & Flails
  1549 | D:2      | Reached XP level 5. HP: 37/41 MP: 5/5
  1628 | D:2      | Found a runed translucent door.
  1629 | D:2      | Noticed Crazy Yiuf
  1663 | D:3      | Noticed Jessica
  1691 | D:3      | Killed Jessica
  1822 | D:3      | Noticed Natasha
  1833 | D:3      | Killed Natasha
  1938 | D:3      | HP: 2/41 [something/puff of flame (15)]
  1939 | D:3      | Slain by an orc wizard

Illustrated notes

Levels and vault maps discovered:
D:1:      eino_arrival_druids_welcome, layout_rooms,
          ebering_ecumenical_altar_box
D:2:      minmay_angry_zag, layout_basic, serial_shops,
          nicolae_shop_statue_plus, uniq_crazy_yiuf_cottage
D:3:      kennysheep_six_static_rooms, layout_basic,
          mainiacjoe_overflow_catwalk_spiral, uniq_jessica, uniq_grinder,
          uniq_natasha, uniq_terence, uniq_ijyb

Skill      XL: |  1  2  3  4 |
---------------+-------------+-----
Maces & Flails | 2 3 4 |  4.6
Fighting       | |  3.0
Armour         | |  2.8
Shields        | |  2.4

Action                     |  1- 3 |  4- 6 || total
---------------------------+-------+-------++-------
  Melee: Flail             |   135 |   106 ||   241
 Invoke: Heroism           |       |     4 ||     4
    Use: Scroll            |       |     5 ||     5
 Armour: Scale mail        |    79 |    59 ||   138
  Dodge: Dodged            |    66 |    41 ||   107
  Block: Buckler           |    23 |    28 ||    51

Table legend: (Time is in decaauts)
 A = Elapsed time spent in this place.
 B = Non-inter-level travel time spent in this place.
 C = Inter-level travel time spent in this place.
 D = Time resting spent in this place.
 E = Time spent auto-exploring this place.
 F = Levels seen in this place.
 G = Mean time per level.
                   A        B        C        D        E       F      G
               +--------+--------+--------+--------+--------+-----+--------+
         Total |   2000 |   1888 |    112 |    206 |   1056 |   3 |  666.7 |
       Dungeon |   2000 |   1888 |    112 |    206 |   1056 |   3 |  666.7 |
               +--------+--------+--------+--------+--------+-----+--------+

Top non-repeatable levels by time:
     D:1: 1047 daAuts
     D:2: 662 daAuts
     D:3: 290 daAuts
